 Dungeon Crawl Stone Soup version 0.31-a0-233-g139696dc86 (webtiles) character file.

Game seed: 2012989128961217373

237 qw the Shooter (level 6, -2/37 HPs)
             Began as a Gargoyle Hexslinger on July 8, 2023.
             Slain by a meliai (4 damage)
             ... on level 5 of the Dungeon.
             The game lasted 00:00:58 (1820 turns).

qw the Shooter (Gargoyle Hexslinger)                Turns: 1820, Time: 00:00:58

Health: -2/37      AC: 10    Str: 11    XL:     6   Next: 6%
Magic:  7/7        EV: 12    Int: 14    God:
Gold:   77         SH:  0    Dex: 14    Spells: 6/7 levels left

rFire   . . .        Y - +2 sling (chaos)
rCold   . . .        (no shield)
rNeg    + . .        a - +2 animal skin
rPois   inf          i - +0 helmet
rElec   +            (no cloak)
rCorr   .            k - +0 pair of gloves
SInv    .            (no boots)
Will    .....        (no amulet)
Stlth   +            (no ring)
HPRegen 0.26/turn    (no ring)
MPRegen 0.10/turn

%: no passive effects
@: about to teleport
A: sickness immunity, AC +4, negative energy resistance 1, electricity
resistance, torment resistance 1, petrification resistance
a: no special abilities


You were on level 5 of the Dungeon.
You visited 1 branch of the dungeon, and saw 4 of its levels.

You collected 77 gold pieces.


Innate Abilities, Weirdness & Mutations

You are immune to sickness and miasma.
Your stone body is resilient. (AC +4)
You are immune to poison.
You resist negative energy. (rN+)
You are resistant to electric shocks. (rElec)
You are resistant to unholy torment.
You are immune to petrification.


   Skills:
 - Level 3.0 Fighting
 + Level 5.5 Ranged Weapons
 - Level 1.5 Dodging
 - Level 1.0 Spellcasting
 - Level 2.6 Hexes


You had 6 spell levels left.
You knew the following spells:

 Your Spells              Type           Power      Damage    Failure   Level
a - Slow                  Hex            32%        N/A       9%          1

Your spell library contained the following spells:

 Spells                   Type           Power      Damage    Failure   Level
 Inner Flame              Hex/Fire       4%         N/A       41%         3
 Portal Projectile        Hex/Tloc       8%         N/A       41%         3
 Cause Fear               Hex            4%         N/A       65%         4

Inventory:

Hand Weapons
 Y - a +2 sling of chaos (weapon)
Armour
 a - a +2 animal skin (worn)
 i - a +0 helmet (worn)
 k - a +0 pair of gloves (worn)
Jewellery
 c - a ring of flight
Potions
 b - a potion of might {unknown}
 d - a potion of heal wounds {unknown}
 e - a potion of haste {unknown}
 f - a potion of curing

Dungeon Overview and Level Annotations

Branches:
Dungeon (5/15)
 Temple: D:4-7

Altars:
Cheibriados
Qazlal
Ru
Trog
Uskayaw
The Shining One

Annotations:
Abyss:1 Natasha


Message History

e - a fizzy red potion An iguana comes into view.
Enter note: You shoot a sling bullet.
The sling bullet hits the iguana but does no damage.
The iguana hisses angrily.
You shoot a sling bullet. The sling bullet hits the iguana.
Lightning courses through the iguana!
The iguana is severely wounded.
You shoot a sling bullet. The sling bullet hits the iguana.
The sling bullet burns the iguana.
You kill the iguana!
You have reached level 6!
You see here a wand of quicksilver (9).
Found 4 stones.
Enter note: A jelly comes into view.
The jelly quivers.
Enter note: You shoot a sling bullet.
The sling bullet hits the jelly.
The jelly evaporates and reforms as a meliai!
You shoot a sling bullet. The sling bullet misses the meliai.
The meliai mumbles some strange prayers to its god against you.
Something smites you!
You shoot a sling bullet.
The sling bullet closely misses the meliai.
You shoot a sling bullet. The sling bullet hits the meliai.
You feel better.
The meliai is lightly wounded.
The meliai hits you but does no damage. The meliai stings you.
The meliai hits you. The meliai closely misses you. x2
The meliai completely misses you.
You shoot a sling bullet.
The sling bullet barely misses the meliai.
The meliai barely misses you. The meliai stings you. The meliai hits you.
The meliai stings you.
1820 ||| READING scroll of teleportation.
As you read the scroll of teleportation, it crumbles to dust.
You feel strangely unstable. The meliai barely misses you.
The meliai stings you.
You die...

.. ##. ..# # . ..#. ..
###... ... ###.#.#.....
#...y.#.......#.#
#.@...............
###..............#
####................#
###.#............#....#
#................#....#
##.......%............#
#.(...##............##.
###.###.....##......##.
### #/..####......##.


You could see a meliai.

Vanquished Creatures
  An iguana (D:5)
  Natasha (twice) (D:2)
  Robin (D:2)
  6 adders
  A worm (D:2)
  3 dart slugs
  A ball python (D:2)
  An endoplasm (D:2)
  2 giant cockroaches (D:2)
  13 goblins
  5 hobgoblins
  7 jackals
  A quokka (D:1)
  6 bats
  A frilled lizard (D:2)
  7 kobolds
  5 rats (D:1)
63 creatures vanquished.

Notes
Turn   | Place    | Note
-------+----------+-------------------------------------------
     0 | D:1      | qw the Gargoyle Hexslinger began the quest for the Orb.
     0 | D:1      | Reached XP level 1. HP: 12/12 MP: 2/2
     0 | D:1      | 0 ||| qw: Version: 0.3-a-46-gb1f654a
     0 | D:1      | 0 ||| qw: Game counter: 3590
     0 | D:1      | 0 ||| qw: Melee chars always use a shield: true
     0 | D:1      | 0 ||| qw: God list: Okawaru
     0 | D:1      | 0 ||| qw: Allow faded altars: false
     0 | D:1      | 0 ||| qw: Do Orc after clearing Dungeon:15 true
     0 | D:1      | 0 ||| qw: Do second Lair branch before Depths: true
     0 | D:1      | 0 ||| qw: Lair rune preference: random
     0 | D:1      | 0 ||| qw: Goals: Normal
     0 | D:1      | 0 ||| PLANNING D:1-11
   162 | D:1      | HP: 3/12 [jackal (2)]
   169 | D:1      | Reached XP level 2. HP: 5/16 MP: 3/3
   195 | D:1      | 195 ||| FLEEEEING.
   200 | D:1      | 200 ||| FLEEEEING.
   408 | D:1      | Reached skill level 3 in Ranged Weapons
   602 | D:1      | Reached XP level 3. HP: 21/21 MP: 4/4
   798 | D:1      | 798 ||| UPGRADING to +0 helmet.
   803 | D:1      | 803 ||| UPGRADING to +0 pair of gloves.
   808 | D:1      | 808 ||| READING scroll labelled MOQ PEVYUWKIP.
   909 | D:1      | 909 ||| READING scroll labelled AMIACH MORHE.
   910 | D:1      | 910 ||| READING scroll labelled XESIVO UNUAGAL.
   914 | D:1      | 914 ||| READING scroll labelled YFAPUFONKU.
   915 | D:1      | 915 ||| DROPPING scroll of poison.
   941 | D:2      | Noticed Natasha
   944 | D:2      | Killed Natasha
   947 | D:2      | 947 ||| STAIRDANCE
   957 | D:1      | Reached XP level 4. HP: 20/26 MP: 5/5
  1061 | D:2      | Noticed Natasha
  1068 | D:2      | Killed Natasha
  1069 | D:2      | Reached skill level 4 in Ranged Weapons
  1137 | D:2      | Noticed Natasha
  1140 | D:2      | Banished Natasha
  1141 | D:2      | Reached XP level 5. HP: 30/30 MP: 6/6
  1174 | D:2      | Found a faded altar of an unknown god.
  1286 | D:2      | Noticed Robin
  1289 | D:2      | 1289 ||| Stepping ~*~*~tactically~*~*~ (outnumbered).
  1293 | D:2      | 1293 ||| Stepping ~*~*~tactically~*~*~ (outnumbered).
  1305 | D:2      | Reached skill level 5 in Ranged Weapons
  1313 | D:2      | HP: 7/30 [Robin/+0 trident (5)]
  1317 | D:2      | Killed Robin
  1322 | D:2      | 1322 ||| FLEEEEING.
  1323 | D:2      | 1323 ||| FLEEEEING.
  1324 | D:2      | 1324 ||| FLEEEEING.
  1325 | D:2      | 1325 ||| FLEEEEING.
  1326 | D:2      | 1326 ||| FLEEEEING.
  1327 | D:2      | 1327 ||| FLEEEEING.
  1328 | D:2      | 1328 ||| FLEEEEING.
  1329 | D:2      | 1329 ||| FLEEEEING.
  1330 | D:2      | 1330 ||| FLEEEEING.
  1331 | D:2      | 1331 ||| FLEEEEING.
  1332 | D:2      | 1332 ||| FLEEEEING.
  1333 | D:2      | 1333 ||| FLEEEEING.
  1334 | D:2      | 1334 ||| FLEEEEING.
  1335 | D:2      | 1335 ||| FLEEEEING.
  1336 | D:2      | 1336 ||| FLEEEEING.
  1337 | D:2      | 1337 ||| FLEEEEING.
  1338 | D:2      | 1338 ||| FLEEEEING.
  1339 | D:2      | 1339 ||| FLEEEEING.
  1340 | D:2      | 1340 ||| FLEEEEING.
  1341 | D:2      | 1341 ||| FLEEEEING.
  1342 | D:2      | 1342 ||| FLEEEEING.
  1343 | D:2      | 1343 ||| FLEEEEING.
  1344 | D:2      | 1344 ||| FLEEEEING.
  1345 | D:2      | 1345 ||| FLEEEEING.
  1346 | D:2      | 1346 ||| FLEEEEING.
  1347 | D:2      | 1347 ||| FLEEEEING.
  1348 | D:2      | 1348 ||| FLEEEEING.
  1349 | D:2      | 1349 ||| FLEEEEING.
  1350 | D:2      | 1350 ||| FLEEEEING.
  1351 | D:2      | 1351 ||| FLEEEEING.
  1352 | D:2      | 1352 ||| FLEEEEING.
  1353 | D:2      | 1353 ||| STAIRDANCE
  1414 | D:1      | 1414 ||| READING scroll labelled KERIDA KEHAO.
  1415 | D:1      | 1415 ||| READING scroll labelled FOALUP EHIC.
  1416 | D:1      | 1416 ||| READING scroll labelled WAVOOLE LINO.
  1417 | D:1      | 1417 ||| DRINKING 2 inky potions.
  1489 | D:2      | Reached skill level 3 in Fighting
  1644 | D:2      | 1644 ||| UPGRADING to +2 animal skin.
  1654 | D:2      | 1654 ||| DROPPING +0 robe.
  1655 | D:2      | 1655 ||| READING scroll labelled GOLAOK REGRA.
  1753 | D:3      | Noticed a phantom
  1753 | D:3      | You fall into a shaft and drop 2 floors!
  1753 | D:5      | Entered Level 5 of the Dungeon
  1767 | D:5      | Found a sacrificial altar of Ru.
  1767 | D:5      | Found a bloodstained altar of Trog.
  1769 | D:5      | Found a glowing golden altar of the Shining One.
  1770 | D:5      | Found a stormy altar of Qazlal.
  1770 | D:5      | Found a snail-covered altar of Cheibriados.
  1770 | D:5      | Found a hide-covered altar of Uskayaw.
  1793 | D:5      | Reached XP level 6. HP: 37/37 MP: 7/7
  1815 | D:5      | a jelly changed into a meliai
  1815 | D:5      | Noticed a meliai
  1819 | D:5      | HP: 9/37 [meliai (6)]
  1819 | D:5      | HP: 2/37 [meliai (3)]
  1820 | D:5      | 1820 ||| READING scroll of teleportation.
  1820 | D:5      | Slain by a meliai

Levels and vault maps discovered:
D:1:      zelgadis_glass_arrival_small, layout_loops_cross,
          minmay_misc_feat_five, chequers_hall_statues_y
D:2:      layout_basic, hellmonk_ecumenical_altar_dog_temple, uniq_robin,
          uniq_natasha
D:3:      layout_basic, serial_bayou_ford_a, uniq_crazy_yiuf_cottage,
          uniq_grinder
D:5:      layout_cave_pools, nicolae_overflows_in_rows, uniq_edmund

Skill      XL: |  1  2  3  4  5 |
---------------+----------------+-----
Ranged Weapons | 3 4 5 |  5.5
Fighting       | 2 3 |  3.0
Dodging        | |  1.5
Spellcasting   | |  1.0
Hexes          | |  2.6

Action                     |  1- 3 |  4- 6 || total
---------------------------+-------+-------++-------
   Fire: Sling             |    79 |   131 ||   210
    Use: Scroll            |     4 |     5 ||     9
         Potion            |       |     1 ||     1
 Armour: Robe              |    24 |    21 ||    45
         Animal skin       |       |     2 ||     2
  Dodge: Dodged            |    56 |    49 ||   105

Table legend:
 A = Non-vault XP
 B = Vault XP
 C = Vault XP percentage of total XP
 D = Non-vault monster count
 E = Vault monster count
 F = Vault count percentage of total count
                 A         B        C        D         E       F
            +---------+---------+-------+---------+---------+-------
      Total |     264 |      75 |  22.1 |      49 |      15 |  23.4
            +---------+---------+-------+---------+---------+-------
        D:1 |      53 |       0 |   0.0 |      23 |       0 |   0.0
        D:2 |     140 |      75 |  34.9 |      21 |      15 |  41.7
        D:3 |      32 |       0 |   0.0 |       4 |       0 |   0.0
        D:5 |      39 |       0 |   0.0 |       1 |       0 |   0.0
            +---------+---------+-------+---------+---------+-------
